 Dungeon Crawl Stone Soup version 0.23-a0-393-g6e9e0f2 (webtiles) character file.

122 Amnesiac the Chopper (level 5, 0/46 HPs)
             Began as a Hill Orc Monk on Nov 1, 2018.
             Slain by a black bear (10 damage)
             ... on level 5 of the Dungeon.
             The game lasted 00:03:19 (781 turns).

Amnesiac the Chopper (Hill Orc Monk)                 Turns: 781, Time: 00:03:20

Health: 0/46       AC: 10    Str: 15    XL:     5   Next: 6%
Magic:  5/5        EV:  5    Int: 10    God:
Gold:   38         SH:  0    Dex: 13    Spells: 4/4 levels left

rFire    . . .     SeeInvis .   a - +1 scimitar (elec)
rCold    + . .     Gourm    .   (no shield)
rNeg     . . .     Faith    .   j - +0 plate armour (curse)
rPois    .         Spirit   .   (no helmet)
rElec    .         Reflect  .   (no cloak)
rCorr    .         Harm     .   (no gloves)
MR       .....                  (no boots)
Stlth    ..........             (no amulet)
HPRegen  0.15/turn              k - ring of protection from cold
MPRegen  0.09/turn              (no ring)

@: no status effects
A: no striking features
a: no special abilities


You were on level 5 of the Dungeon.
You were not hungry.

You visited 1 branch of the dungeon, and saw 6 of its levels.

You collected 38 gold pieces.

Inventory:

Hand Weapons
 a - a +1 scimitar of electrocution (weapon)
 b - the +2 dagger "Laomm" {flame, +Blink SInv}
   (You found it on level 4 of the Dungeon)

   It has been specially enchanted to burn those struck by it, causing extra
   injury to most foes and up to half again as much damage against particularly
   susceptible opponents.
   It lets you see invisible.
   It lets you blink.
Armour
 j - a cursed +0 plate armour (worn)
Jewellery
 k - a ring of protection from cold (left hand)
Scrolls
 f - a scroll of identify {!r, unknown}
 h - a scroll of teleportation {!r, unknown}
Potions
 d - a potion of curing {!q, unknown}
 e - a potion of ambrosia {!q, unknown}
 g - a potion of degeneration {!q, unknown}
 i - a potion of resistance {!q, unknown}
 l - a potion of heal wounds {!q, unknown}
 m - a potion of lignification {!q, unknown}
Comestibles
 c - 2 rations


   Skills:
 - Level 4.1 Fighting
 * Level 3.6 Long Blades
   Level 4.5 Axes
 + Level 1.7 Armour
 - Level 2.4 Dodging
 - Level 1.5 Stealth


You had 4 spell levels left.
You didn't know any spells.
Your spell library was empty.

Dungeon Overview and Level Annotations

Branches:
Dungeon (6/15)
 Temple: D:4-7

Altars:
The Shining One


Message History

Found a scroll labeled KAC LYCASALEKK.
There is a stone staircase leading down here.
You climb downwards.
A black bear comes into view.
The black bear growls angrily.
The black bear bites you but does no damage.
The black bear closely misses you.
The black bear claws you but does no damage.
Found a scroll labeled SUN CYFUCURHIKK.
There is a stone staircase leading up here.
You barely miss the black bear.
A gnoll comes into view. It is wielding a +0 whip.
The black bear bites you.
The black bear claws you but does no damage.
The black bear claws you.
A jelly comes into view.
The gnoll throws a throwing net.
The throwing net barely misses you.
The jelly quivers.
You hit the black bear.
Lightning courses through the black bear!
The black bear is severely wounded.
The black bear bites you but does no damage.
The black bear claws you. The black bear barely misses you.
The black bear goes berserk!
The black bear bites you but does no damage.
The black bear claws you but does no damage. x2
You climb upwards.
There is a stone staircase leading down here.
Your plate armour prevents you from hitting the black bear.
The black bear is severely wounded.
The black bear bites you.
The black bear claws you but does no damage. x2
The black bear bites you but does no damage.
The black bear claws you.
The black bear claws you but does no damage.
You closely miss the black bear.
The black bear is severely wounded.
The black bear barely misses you.
The black bear claws you but does no damage. x2
The black bear bites you.
* * * LOW HITPOINT WARNING * * *
The black bear claws you but does no damage. x2
You hit the black bear.
The black bear is almost dead.
The black bear bites you but does no damage.
The black bear claws you but does no damage.
The black bear claws you.
* * * LOW HITPOINT WARNING * * *
The black bear bites you.
* * * LOW HITPOINT WARNING * * *
The black bear claws you.
* * * LOW HITPOINT WARNING * * *
The black bear claws you.
* * * LOW HITPOINT WARNING * * *
You are too injured to fight recklessly!
You are too injured to fight recklessly!
You are too injured to fight recklessly!
You are too injured to fight recklessly!
You are too injured to fight recklessly!
Okay, then.
You hit the black bear.
The black bear is almost dead.
The black bear bites you!
You die...

### ##.## #...#######
#....##...### ..
#...##......# .. ##.
#..(........# ...
#....#..#........####...
#......@##.##...........
#.....h###.##...........
#..#..) #...##.##.....#.
?..............g..>.....
####.............g....#.
#.....##########.....
#....# #$... #... #....
#....


You could see a black bear (berserk).

Vanquished Creatures
  A hound (D:5)
  3 worker ants
  A gnoll (D:5)
  A dart slug (D:1)
  2 bats (D:1)
  A giant cockroach (D:4)
  A goblin (D:1)
  2 kobolds (D:1)
  A frilled lizard (D:4)
  A quokka zombie (D:5)
  A rat (D:1)
  4 toadstools (D:1)
19 creatures vanquished.

Notes
Turn   | Place    | Note
-------+----------+-------------------------------------------
     0 | D:1      | Amnesiac the Hill Orc Monk began the quest for the Orb.
     0 | D:1      | Reached XP level 1. HP: 19/19 MP: 1/1
   166 | D:1      | Reached XP level 2. HP: 20/27 MP: 2/2
   288 | D:5      | Entered Level 5 of the Dungeon
   472 | D:4      | Reached XP level 3. HP: 33/33 MP: 3/3
   584 | D:4      | Reached XP level 4. HP: 35/40 MP: 4/4
   592 | D:4      | Got a translucent dagger
   593 | D:4      | Identified the +2 dagger "Laomm" {flame, +Blink SInv} (You
                  | found it on level 4 of the Dungeon)
   628 | D:5      | Found a glowing golden altar of the Shining One.
   642 | D:5      | Reached skill level 1 in Armour
   679 | D:6      | Noticed an ice beast
   686 | D:6      | Noticed an ogre
   717 | D:5      | Reached XP level 5. HP: 31/46 MP: 5/5
   773 | D:6      | Noticed a black bear
   781 | D:5      | Slain by a black bear

Vault maps used:
D:1:      ldierk_water_garden
D:2:      lemuel_doored_altar, chequers_temple_overflow_statue_of_worship,
          kennysheep_nub, minmay_misc_feat_iff
D:3:      minmay_roachtagon, nicolae_overflow_crystal_walls, elyvilon_altar_5,
          nicolae_gozag_zags_fifth_avenue, first_ration, minivault_4,
          small_statue_intersection
D:4:      uniq_duvessa
D:5:      kennysheep_steamy, minmay_temple_entry_glassed_door,
          serial_gnoll_camp, gnoll_camp_medium_02, gnoll_camp_mini_hut,
          grums_kennel, gnoll_camp_mini_doghouse, gnoll_camp_mini_doghouse,
          basic_altar, uniq_pikel
D:6:      lightli_minifort

Skill      XL: |  1  2  3  4 |
---------------+-------------+-----
Long Blades    | 2 3 |  3.6
Fighting       | 4 |  4.1
Armour         | 1 |  1.7
Axes           | |  4.5
Dodging        | |  2.4
Stealth        | |  1.5

Action                   |  1- 3 |  4- 6 || total
-------------------------+-------+-------++-------
Melee: Hand axe          |    13 |       ||    13
       Spear             |     9 |       ||     9
       Scimitar          |     7 |    19 ||    26
Armor: Robe              |     1 |       ||     1
       Plate armour      |     1 |    47 ||    48
Dodge: Dodged            |    13 |    10 ||    23
       Rpst.: Scimitar   |     1 |     2 ||     3

Table legend:
 A = Non-vault XP
 B = Vault XP
 C = Vault XP percentage of total XP
 D = Non-vault monster count
 E = Vault monster count
 F = Vault count percentage of total count
                 A         B        C        D         E       F
            +---------+---------+-------+---------+---------+-------
      Total |     118 |      57 |  32.6 |      13 |       2 |  13.3
            +---------+---------+-------+---------+---------+-------
        D:1 |      13 |       0 |   0.0 |       7 |       0 |   0.0
        D:4 |      71 |       0 |   0.0 |       4 |       0 |   0.0
        D:5 |      34 |      57 |  62.6 |       2 |       2 |  50.0
            +---------+---------+-------+---------+---------+-------
